Workbook
Name EMPRESAS: OFFSET(#REF!,1,0):OFFSET(#REF!,-1,0)
Name INDICES: OFFSET(#REF!,1,0):OFFSET(#REF!,-1,0)

Sheet Plan1
B4: PREFEITURA MUNICIPAL DE BARÃO DO TRIUNFO
B5: ESTADO DO RIO GRANDE DO SUL
B6: CNPJ: 91.900.365/0001-28
B7: PREFEITO: ODONE KLOPPEMBURG
A9: PLANILHA ORÇAMENTÁRIA
A11: OBRA: | B11: PAVIMENTAÇÃO PARCIAL DE VIA URBANA E EXECUÇÃO DE REDE DE COLETA PLUVIAL | I11: DATA 08/05/25
A12: ENDEREÇO DA OBRA: | B12: RUA LUIZ GONZAGA DALBEM
A13: TABELA UTILIZADA | B13: SINAPI/RS | C13: MÊS DE REFERÊNCIA - MARÇO 2025 NÃO DESONERADO
A14: BDI: | B14: =Plan2!$J$14 -> 0.226
A16: ITEM | B16: CÓDIGO | C16: FONTE | D16: DESCRIÇÃO | E16: UNIDADE | F16: QUANT. | G16: PREÇO UNI. | H16: PREÇO C/BDI | I16: PREÇO TOTAL
A17: 1 | B17: PAVIMENTAÇÃO PARCIAL VIAS URBANAS E EXECUÇÃO DE REDE DE COLETA PLUVIAL | C17: SERVIÇOS PRELIMINARES | D17: SERVIÇOS PRELIMINARES | E17: SERVIÇOS PRELIMINARES | F17: SERVIÇOS PRELIMINARES | G17: SERVIÇOS PRELIMINARES | H17: SERVIÇOS PRELIMINARES | I17: =I19+I23+I28+I33 -> 142455.49
A18: 1.1 | B18: Serviços Preliminares
A19: 1.1.1 | B19: Instalação do canteiro de obra | I19: =SUM(I20,I21) -> 4054.0583
A20: 1.1.1.1 | B20: 10775 | C20: SINAPI-I | D20: LOCACAO DE CONTAINER 2,30 X 6,00 M, ALT. 2,50 M, COM 1 SANITARIO, PARA ESCRITORIO, COMPLETO, SEM DIVISORIAS INTERNAS (NAO INCLUI MOBILIZACAO/DESMOBILIZACAO) | E20: Mês | F20: 2 | G20: 1100 | H20: =G20*($B$14+1) -> 1348.6 | I20: =H20*F20 -> 2697.2
A21: 1.1.1.2 | B21: 103689 | C21: SINAPI | D21: FORNECIMENTO E INSTALAÇÃO DE PLACA DE OBRA COM CHAPA GALVANIZADA E ESTRUTURA DE MADEIRA. AF_03/2022_PS | E21: M² | F21: 2.4 | G21: 461.14 | H21: =G21*($B$14+1) -> 565.35764 | I21: =H21*F21 -> 1356.8583
A22: 1.2 | B22: Serviços de Drenagem
A23: 1.2.1 | B23: Execução de Rede Coletora Pluvial | I23: =SUM(I24,I25,I26) -> 21763.639
A24: 1.2.1.1 | B24: 99063 | C24: SINAPI | D24: LOCAÇÃO DE REDE DE ÁGUA OU ESGOTO. AF_10/2018 | E24: M | F24: 89.1 | G24: 9.08 | H24: =G24*($B$14+1) -> 11.13208 | I24: =PRODUCT(F24,H24) -> 991.86833
A25: 1.2.1.2 | B25: 95568 | C25: SINAPI | D25: TUBO DE CONCRETO (SIMPLES) PARA REDES COLETORAS DE ÁGUAS PLUVIAIS, DIÂMETRO DE 400 MM, JUNTA RÍGIDA, INSTALADO EM LOCAL COM BAIXO NÍVEL DE INTERFERÊNCIAS - FORNECIMENTO E ASSENTAMENTO. AF_12/2015 | E25: M | F25: 89.1 | G25: 109.27 | H25: =G25*($B$14+1) -> 133.96502 | I25: =H25*F25 -> 11936.283
A26: 1.2.1.3 | B26: 97949 | C26: SINAPI | D26: CAIXA PARA BOCA DE LOBO SIMPLES RETANGULAR, EM ALVENARIA COM TIJOLOS CERÂMICOS MACIÇOS, DIMENSÕES INTERNAS: 0,6X1X1,2 M. AF_12/2020 | E26: UN. | F26: 4 | G26: 1801.69 | H26: =G26*($B$14+1) -> 2208.8719 | I26: =H26*F26 -> 8835.4878
A27: 1.3 | B27: Pavimentação
A28: 1.3.1 | B28: Execução de Pavimentação em blocos intertravados | I28: =SUM(I29,I30,I31,I32) -> 116409.66
A29: 1.3.1.1 | B29: CPU - 01 | C29: PRÓPRIA | D29: LOCAÇÃO DE PAVIMENTAÇÃO. AF_03/2024 | E29: M | F29: 102 | G29: 1.05 | H29: =G29*($B$14+1) -> 1.2873 | I29: =H29*F29 -> 131.3046
A30: 1.3.1.2 | B30: 100576 | C30: SINAPI | D30: REGULARIZAÇÃO E COMPACTAÇÃO DE SUBLEITO DE SOLO PREDOMINANTEMENTE ARGILOSO, PARA OBRAS DE CONSTRUÇÃO DE PAVIMENTOS. AF_09/2024 | E30: M² | F30: 1020 | G30: 2.23 | H30: =G30*($B$14+1) -> 2.73398 | I30: =H30*F30 -> 2788.6596
A31: 1.3.1.3 | B31: 94273 | C31: SINAPI | D31: ASSENTAMENTO DE GUIA (MEIO-FIO) EM TRECHO RETO, CONFECCIONADA EM CONCRETO PRÉ-FABRICADO, DIMENSÕES 100X15X13X30 CM (COMPRIMENTO X BASE INFERIOR X BASE SUPERIOR X ALTURA). AF_01/2024 | E31: M | F31: 204 | G31: 50.92 | H31: =G31*($B$14+1) -> 62.42792 | I31: =H31*F31 -> 12735.296
A32: 1.3.1.4 | B32: 92404 | C32: SINAPI | D32: EXECUÇÃO DE PAVIMENTO EM PISO INTERTRAVADO, COM BLOCO 16 FACES DE 22 X 11 CM, ESPESSURA 8 CM. AF_10/2022 | E32: M² | F32: 1020 | G32: 80.57 | H32: =G32*($B$14+1) -> 98.77882 | I32: =H32*F32 -> 100754.4
A33: 1.3 | B33: Limpeza final da obra | I33: =SUM(I34:I34) -> 228.13408
A34: 1.3.1 | B34: 88316 | C34: SINAPI | D34: SERVENTE COM ENCARGOS COMPLEMENTARES | E34: H | F34: 8 | G34: 23.26 | H34: =G34*($B$14+1) -> 28.51676 | I34: =H34*F34 -> 228.13408
F36: TOTAL | G36: =I28+I19+I33+I23 -> 142455.49
B39: Responsável Técnico | E39: Proponente Tomador
B42: Ass: | E42: Ass:
B44: IGOR BORGES ROCHA | E44: ODONE KLOPPEMBURG
B45: Eng.Civil CREA/RS-229943 | E45: Prefeito Municipal
B46: CPF: 02078547000 | E46: CPF: 383.459.600-06

Sheet Planilha2
B3: PREFEITURA MUNICIPAL DE BARÃO DO TRIUNFO
B4: ESTADO DO RIO GRANDE DO SUL
B5: CNPJ: 91.900.365/0001-28
B6: PREFEITO: ODONE KLOPPEMBURG
A8: PLANILHA DE COMPOSIÇÃO
A10: OBRA: | B10: PAVIMENTAÇÃO PARCIAL DE VIA URBANA E EXECUÇÃO DE REDE DE COLETA PLUVIAL | G10: DATA 08/05/2025
A11: ENDEREÇO DA OBRA: | B11: RUA LUIZ GONZAGA DALBEM
A12: TABELA UTILIZADA | B12: SINAPI/RS | C12: MÊS DE REFERÊNCIA - MARÇO 2025 NÃO DESONERADO
A15: FONTE | B15: CÓDIGO | C15: DESCRIÇÃO | D15: UNIDADE | E15: COEFICIENTE | F15: CUSTO UNITARIO | G15: CUSTO TOTAL
A19: COMPOSIÇÃO | B19: CPU-01 | C19: LOCAÇÃO DE PAVIMENTAÇÃO | D19: M
A20: SINAPI | B20: 88253 | C20: AUXILIAR DE TOPÓGRAFO COM ENCARGOS COMPLEMENTARES | D20: H | E20: 0.0176 | F20: 18.02 | G20: =PRODUCT(E20,F20) -> 0.317152
A21: SINAPI | B21: 90781 | C21: TOPOGRAFO COM ENCARGOS COMPLEMENTARES | D21: H | E21: 0.0176 | F21: 37.25 | G21: =PRODUCT(E21,F21) -> 0.6556
A22: SINAPI-I | B22: 32 | C22: ACO CA-50, 6,3 MM, VERGALHAO | D22: KG | E22: 0.0037 | F22: 9.32 | G22: =PRODUCT(E22,F22) -> 0.034484
A23: SINAPI-I | B23: 7247 | C23: LOCACAO DE TEODOLITO ELETRONICO, PRECISAO ANGULAR DE 5 A 7 SEGUNDOS, INCLUINDO TRIPE | D23: H | E23: 0.0176 | F23: 2.59 | G23: =PRODUCT(E23,F23) -> 0.045584
F36: TOTAL | G36: =SUM(G20,G21,G22,G23) -> 1.05282
B39: Responsável Técnico | E39: Proponente Tomador
B42: Ass: | E42: Ass:
B44: IGOR BORGES ROCHA | E44: ODONE KLOPPEMBURG
B45: Eng.Civil CREA/RS-229943 | E45: Prefeito Municipal
B46: CPF: 02078547000 | E46: CPF: 383.459.600-06

Sheet Plan2
A2: ="Quadro de Composição do BDI" -> Quadro de Composição do BDI | J2: PROPONENTE / TOMADOR | P2: Grau de Sigilo
A3: TIPO DE OBRA: Construção de Praças Urbanas, Rodovias, Ferrovias e recapeamento e pavimentação de vias urbanas | J3: PREFEITURA MUNICIPAL DE BARÃO DO TRIUNFO | P3: Publico
I4: Siglas | J4: % Adotado | L4: Situação | O4: 1º Quartil | P4: Médio | Q4: 3º Quartil
A6: Administração Central | I6: AC | J6: 0.0467 | L6: - | O6: 0.038 | P6: 0.0401 | Q6: 0.0467
A7: Seguro e Garantia | I7: SG | J7: 0.0074 | L7: - | O7: 0.0032 | P7: 0.004 | Q7: 0.0074
A8: Risco | I8: R | J8: 0.0097 | L8: - | O8: 0.005 | P8: 0.0056 | Q8: 0.0097
A9: Despesas Financeiras | I9: DF | J9: 0.0121 | L9: - | O9: 0.0102 | P9: 0.0111 | Q9: 0.0121
A10: Lucro | I10: L | J10: 0.0869 | L10: - | O10: 0.0664 | P10: 0.073 | Q10: 0.0869
A11: Tributos (impostos COFINS 3%, e PIS 0,65%) | I11: CP | J11: 0.0365 | L11: - | O11: 0.0365 | P11: 0.0365 | Q11: 0.0365
A12: Tributos (ISS, variável de acordo com o município) | I12: ISS | J12: 0.009 | L12: - | O12: 0 | P12: 0.025 | Q12: 0.05
A13: Tributos (Contribuição Previdenciária sobre a Receita Bruta - 0% ou 4,5% - Desoneração) | I13: CPRB | J13: 0 | L13: - | O13: 0 | P13: 0.045 | Q13: 0.045
A14: BDI SEM desoneração (Fórmula Acórdão TCU) | I14: BDI PAD | J14: 0.226 | O14: 0.196 | P14: 0.2097 | Q14: 0.2423
A17: Os valores de BDI foram calculados com o emprego da fórmula:
D18: BDI = | E18: (1+AC + S + R + G)*(1 + DF)*(1+L) | I18: -1
E19: (1-CP-ISS-CRPB)
A21: =CONCATENATE("Declaro para os devidos fins que, conforme legislação tributária municipal, a base de cálculo deste tipo de obra corresponde à 30%, com a respectiva alíquota de 3%.") -> Declaro para os devidos fins que, conforme legislação tributária municipal, a base de cálculo deste tipo de obra corresponde à 30%, com a respectiva alíquota de 3%.
A23: Declaro para os devidos fins que o regime de Contribuição Previdenciária sobre a Receita Bruta adotado para elaboração do orçamento foi SEM Desoneração, e que esta é a alternativa mais adequada para a Administração Pública.
A25: Conforme legislação tributária municipal, definir estimativa de percentual da base de cálculo para o ISS: | I25: 0.3
A26: Sobre a base de cálculo, definir a respectiva alíquota do ISS (entre 2% e 5%): | I26: 0.03
B30: Responsável Técnico | G30: Proponente Tomador
B33: Ass: | G33: Ass:
B35: IGOR BORGES ROCHA | G35: ODONE KLOPPEMBURG
B36: Eng.Civil CREA/RS-229943 | G36: Prefeito Municipal
B37: CPF: 020.785.470-00 | G37: CPF: 383.459.600-06

Sheet Plan3
A1: =IF(TIPOORCAMENTO="licitado","CRONOGRAMA FÍSICO-FINANCEIRO LICITADO","CRONOGRAMA FÍSICO-FINANCEIRO") -> CRONOGRAMA FÍSICO-FINANCEIRO LICITADO
E2: PROPONENTE TOMADOR | O2: Grau de Sigilo
E3: ODONE KLOPPEMBURG | O3: #PUBLICO
A5: Item | B5: Descrição | C5: Valor (R$) | D5: Parcelas: | E5: 1 | F5: 2
E6: 45659 | F6: 45690
A7: 1 | B7: =Plan1!B19 -> Instalação do canteiro de obra | C7: =Plan1!I19 -> 4054.0583 | D7: 2 | E7: 2027.03 | F7: 2027.03
A8: 2 | B8: Serviços de Drenagem | C8: =Plan1!I23 -> 21763.639 | D8: 2 | E8: =C8/2 -> 10881.82 | F8: =C8/2 -> 10881.82
A9: 3 | B9: =Plan1!$B$27 -> Pavimentação | C9: =Plan1!I28 -> 116409.66 | D9: 2 | E9: 58204.83 | F9: =E9 -> 58204.83
A10: 4 | B10: =Plan1!B33 -> Limpeza final da obra | C10: =Plan1!I33 -> 228.13408 | D10: 1 | F10: 228.13
A12: %PERCENTUAL FRENTE DE SERVIÇO | C12: 1 | E12: 0.4992 | F12: 0.5008
B13: TOTAL DOS SERVIÇOS | C13: =C7+C8+C9+C10 -> 142455.49 | E13: =SUM(E7,E8,E9) -> 71113.68 | F13: =SUM(F7,F8,F9,F10) -> 71341.81
B16: Responsável Técnico | D16: Proponente Tomador
B19: Ass: | D19: Ass:
B21: IGOR BORGES ROCHA | D21: ODONE KLOPPEMBURG
B22: Eng.Civil CREA/RS-229943 | D22: Prefeito Municipal
B23: CPF: 020.785.470-00 | D23: CPF: 383.459.600-06
